 Dungeon Crawl Stone Soup version 0.29-a0-542-g075992c915 (webtiles) character file.

Game seed: 4940384811811892355

188528 Malachi the Executioner (level 17, 0/240 HPs)
             Began as a Demonspawn Berserker on June 4, 2022.
             Was the Champion of Trog.
             Slain by a salamander
             ... wielding a +0 halberd
              (4 damage)
             ... on level 4 of the Snake Pit.
             The game lasted 01:08:04 (31939 turns).

Malachi the Executioner (Demonspawn Berserker)     Turns: 31939, Time: 01:08:05

Health: 0/240      AC: 48    Str: 25    XL:     17   Next: 91%
Magic:  0/5        EV: 15    Int: 11    God:    Trog [******]
Gold:   1778       SH:  0    Dex: 18    Spells: 16/16 levels left

rFire   + + .      SeeInvis .   S - +9 executioner's axe (antimagic)
rCold   + + +      Faith    .   (shield currently unavailable)
rNeg    + . .      Spirit   +   s - +8 orange crystal plate armour {Archmagi, Int+3 Clar}
rPois   .          Reflect  .   G - +2 hat {Will+}
rElec   .          Harm     .   E - +1 cloak of Starlight {*Dazzle EV+4 Stlth--}
rCorr   +          Rampage  +   D - +3 pair of gauntlets of War {Slay+5}
Will    +++..      Archmagi +   b - +1 pair of boots of Rohon {Rampage rF+ rC+ rCorr}
Stlth   .......... Clarity  +   O - amulet of regeneration
HPRegen 4.30/turn               h - ring of Pragmatism {rN+ Will+ Dex+4 Slay+4}
MPRegen 0.18/turn               w - ring "Gitimp" {rF+ rC++ EV+4}

@: berserking, lethally poisoned (0 -> -5), weakened, slowed, studying Armour
A: horns 2, rugged brown scales 3, powered by death 2, magic shield, magic
regeneration, fangs 1, robust 1
a: Renounce Religion, Berserk, Trog's Hand, Brothers in Arms


You were on level 4 of the Snake Pit.
You worshipped Trog.
Trog was exalted by your worship.
You visited 4 branches of the dungeon, and saw 27 of its levels.
You also visited: Sewer, Bailey and Gauntlet.

You collected 3121 gold pieces.
You spent 1343 gold pieces at shops.

Inventory:

Hand Weapons
 d - a +0 broad axe of draining
 S - a +9 antimagic executioner's axe (weapon)
 X - a +4 executioner's axe of flaming
Missiles
 C - 19 poisoned darts (quivered)
 I - 8 curare-tipped darts
 R - 2 throwing nets
Armour
 b - the +1 pair of boots of Rohon (worn) {Rampage rF+ rC+ rCorr}
   (You acquired it on level 6 of the Lair of Beasts)

   rF:        It protects you from fire.
   rC:        It protects you from cold.
   rCorr:     It protects you from acid and corrosion.
   Rampage:   It bestows one free step when moving towards enemies.
 s - the +8 orange crystal plate armour (worn) {Archmagi, Int+3 Clar}
   (You acquired it on level 6 of the Lair of Beasts)

   Int:       It affects your intelligence (+3).
   Clar:      It protects you against confusion.
 D - the +3 pair of gauntlets of War (worn) {Slay+5}
   (You acquired it on level 11 of the Dungeon)

   Slay:      It affects your accuracy & damage with ranged weapons and melee
   (+5).
 E - the +1 cloak of Starlight (worn) {*Dazzle EV+4 Stlth--}
   (You acquired it on level 11 of the Dungeon)

   It may blind those who miss an attack against the wearer in melee combat.
   EV:        It affects your evasion (+4).
   Stlth:     It makes you much less stealthy.
 G - a +2 hat of willpower (worn)
Jewellery
 h - the ring of Pragmatism (left hand) {rN+ Will+ Dex+4 Slay+4}
   (You found it in a Gauntlet)

   [ring of slaying]

   Dex:       It affects your dexterity (+4).
   Slay:      It affects your accuracy & damage with ranged weapons and melee
   (+4).
   rN:        It protects you from negative energy.
   Will:      It increases your willpower.
 w - the ring "Gitimp" (right hand) {rF+ rC++ EV+4}
   (You found it in a bailey)

   [ring of evasion]

   EV:        It affects your evasion (+4).
   rF:        It protects you from fire.
   rC:        It greatly protects you from cold.
 F - the ring "Utto" {*Slow rElec rC- Will+++ AC+4}
   (You bought it in a shop on level 2 of the Orcish Mines)

   [ring of protection]

   AC:        It affects your AC (+4).
   rC:        It makes you vulnerable to cold.
   rElec:     It insulates you from electricity.
   *Slow:     It may slow you when you take damage.
   Will:      It greatly increases your willpower.
 M - the ring of Kerexyl {rF+ rC+ Dex+6}
   (You acquired it on level 4 of the Lair of Beasts)

   [ring of dexterity]

   Dex:       It affects your dexterity (+6).
   rF:        It protects you from fire.
   rC:        It protects you from cold.
 O - an amulet of regeneration (around neck)
 Q - a ring of see invisible
 W - a ring of poison resistance
Wands
 u - a wand of acid (6)
 x - a wand of iceblast (9)
 y - a wand of polymorph (4)
 B - a wand of digging (4)
 H - a wand of paralysis (13)
 U - a wand of charming (2)
Scrolls
 e - 7 scrolls of fog
 k - 3 scrolls of torment
 n - 7 scrolls of immolation
 o - 4 scrolls of poison
 q - 5 scrolls of fear
 z - 5 scrolls of blinking
 A - 12 scrolls of teleportation
 J - 17 scrolls of identify
 K - 4 scrolls of brand weapon
 L - 2 scrolls of magic mapping
 N - 5 scrolls of enchant armour
Potions
 c - 16 potions of curing
 f - 2 potions of mutation
 g - 4 potions of might
 j - 6 potions of heal wounds
 l - 4 potions of lignification
 m - 2 potions of invisibility
 p - 2 potions of berserk rage
 r - a potion of magic
 t - a potion of cancellation
 v - 5 potions of resistance
 P - 2 potions of flight
 T - a potion of haste
Miscellaneous
 a - a phial of floods


   Skills:
 + Level 13.2 Fighting
 - Level 24.0 Axes
 + Level 17.3 Armour
 - Level 2.2 Dodging
 - Level 1.1 Stealth


You had 16 spell levels left.
You didn't know any spells.
Your spell library was empty.

Dungeon Overview and Level Annotations

Branches:
Dungeon (15/15)            Temple (0/1) D:7            Lair (6/6) D:8
  Swamp (0/4) Lair:2        Snake (4/4) Lair:4        Slime (0/5) Lair:5
    Orc (2/2) D:11            Elf (0/3) Orc:2        Vaults (0/5) D:13
 Depths (0/4) D:15          Sewer (visited)          Bailey (visited)
Gauntlet (visited)

Altars:
Ashenzari
Elyvilon
Fedhas
Nemelex Xobeh
Okawaru
Trog
Vehumet
Beogh

Shops:
D:2 (   D:6 *   D:14 *(==   Orc:2 *(=*[   Snake:3 [


Innate Abilities, Weirdness & Mutations

You have a pair of horns on your head.
You are completely covered in rugged brown scales. (AC +3, +7% HP)
You regenerate health from kills.
When hurt, damage is shared between your health and your magic reserves.
You regenerate magic rapidly.
You have very sharp teeth.
You are robust. (+10% HP)


Message History

You slash the naga ritualist! x2; You slash the nagaraja!
The nagaraja's magic leaks into the air.
You feel very sick.
The naga ritualist no longer looks unusually strong.
* * * LOW HITPOINT WARNING * * *
You are more poisoned.
The nagaraja falters for a moment.
The nagaraja constricts you.
The naga ritualist hits you but does no damage.
You slice the naga ritualist!!
You kill the naga ritualist!
Trog accepts your kill.
You slash the naga ritualist! You hit the nagaraja.
The nagaraja's magic leaks into the air.
You feel very sick.
The nagaraja gestures at you while chanting.
The bolt of poison hits you!
You are more poisoned.
* * * LOW HITPOINT WARNING * * *
The bolt of poison hits the naga ritualist!
The naga ritualist dies!
The nagaraja constricts you.
The salamander hits you from afar with a +0 halberd!!
* * * LOW HITPOINT WARNING * * *
You are engulfed in flames.
You resist.
* * * LOW HITPOINT WARNING * * *
You escape the nagaraja's grasp.
The nagaraja attacks as you move away! The nagaraja hits you with a +0 club!
* * * LOW HITPOINT WARNING * * *
You feel extremely sick.
The naga warrior hits you but does no damage.
The naga warrior completely misses you.
You closely miss the naga warrior. You slash the nagaraja!
The nagaraja's magic leaks into the air.
You feel very sick.
The nagaraja hits you but does no damage.
The nagaraja closely misses you.
The salamander hits you from afar with a +0 halberd!
* * * LOW HITPOINT WARNING * * *
You are engulfed in flames.
You resist.
You die...

.######..........###..####.#(....
# ##....[.....<.###......)..)).
#####............................
..................########..#..#.
#####............##..§...##......
#...........##.....§..##.....
#..........##...§§§§.. ##....
#####.........##...≈≈≈≈≈§. ##...
).)...#.......#.@N)≈§§§≈≈. #..#
##########.#.####N#≈≈≈≈§≈# ##.#
#..# #...)N.§§≈≈§. #.# #.##
#..≈....§§S.. #.#
###.##.#.......≈≈..$ #.#
##)))...#......≈≈≈§. #.#
######.))#####....≈≈≈≈§≈§§ #..
#......)...###.§§§≈≈§§§§§≈ ##.
#..........##.§.§≈≈≈§≈≈§≈§ ##


You could see a nagaraja (fast, strong, curare, magic disrupted), a naga
warrior, a salamander (strong) and a guardian serpent.

Vanquished Creatures
  Rupert (D:14)
  Asterion (Snake:3)
  Mlioglotl (Snake:4)
  Gastronok (Lair:2)
  2 nagarajas
  Kirke (D:12)
  The ghost of Zgarb the Black Sun, an adept DsNe of Kikubaaqudgha (Snake:2)
  A balrug (Gauntlet)
  2 orc warlords
  Aizul (Snake:1)
  Nessos (D:15)
  3 dire elephants (Lair:6)
  An ettin (D:15)
  Josephine (D:15)
  2 rakshasas
  Fannar (Lair:2)
  Erolcha (D:10)
  3 salamander tyrants
  3 catoblepae
  4 boulder beetles
  11 hydras
  A death knight (D:15)
  A vault guard (D:13)
  2 centaur warriors
  5 two-headed ogres
  9 naga warriors
  2 alligators (Snake:3)
  9 anacondas
  3 alligator snapping turtles (Snake:3)
  A tengu warrior (D:15)
  3 orc high priests (Orc:2)
  9 naga sharpshooters
  9 death yaks
  Sonja (Lair:2)
  Nergalle (Lair:1)
  A spectral dire elephant (Lair:6)
  6 shock serpents
  Amaemon (Lair:2)
  3 spectral death yaks (Lair:6)
  An iron troll (D:13)
  4 salamander mystics
  5 skeletal warriors
  3 goliath frogs (Snake:3)
  A spectral anaconda (Lair:6)
  2 deep trolls (D:15)
  9 sea snakes
  An obsidian statue (Lair:6)
  2 wizards
  7 naga ritualists
  3 lindwurms
  6 orc knights
  2 deep elf pyromancers
  4 necromancers
  19 mana vipers
  8 cyclopes
  3 orc sorcerers
  An oklob plant (Gauntlet)
  14 salamanders
  24 ugly things
  A manticore (D:14)
  13 elephants
  8 guardian serpents
  13 naga magi
  2 dire elephant zombies (Lair:6)
  A torpor snail (Lair:6)
  34 black mambas
  12 cane toads
  2 rime drakes
  4 unseen horrors
  2 freezing wraiths (D:15)
  8 komodo dragons
  12 trolls
  3 polar bears (Lair:3)
  A hornet (D:11)
  3 meliai (D:14)
  19 blink frogs
  2 spectral elephants (Lair:6)
  A snapping turtle (Snake:3)
  4 dream sheep (Lair:6)
  23 slime creatures
  Sigmund (D:2)
  A culicivora (shapeshifter) (D:15)
  A vampire (D:10)
  8 wyverns
  5 wraiths (D:15)
  43 yaks
  2 hogs (D:12)
  8 basilisks
  A steam dragon (D:9)
  7 vampire mosquitoes
  3 spectral cane toads (Lair:6)
  3 wargs
  6 acid dragons
  45 nagas
  22 water moccasins
  33 orc warriors
  2 hell hounds (Gauntlet)
  6 ice beasts
  6 sky beasts
  3 black bears
  An elephant zombie (Lair:6)
  10 ogres
  17 centaurs
  9 wolves
  A phantom (D:5)
  4 kobold brigands
  18 bullfrogs
  2 gnoll sergeants
  4 scorpions
  3 necrophages
  2 cane toad simulacra (Lair:6)
  17 wights
  2 elephant simulacra (Lair:6)
  3 killer bees (D:7)
  6 electric eels
  8 howler monkeys
  3 jellies
  2 gnoll shamans
  14 orc priests
  4 hounds
  4 iguanas
  Terence (D:2)
  24 orc wizards
  Robin (D:2)
  15 gnolls
  3 river rats (Sewer)
  13 adders
  3 shadow imps
  3 worms (Sewer)
  A dart slug (D:1)
  86 orcs
  7 endoplasms
  A giant cockroach (D:3)
  31 goblins
  9 hobgoblins
  4 jackals (D:4)
  33 kobolds
  4 quokkas
  11 ball pythons
  16 bats
  5 frilled lizards
  6 rats
1014 creatures vanquished.

Vanquished Creatures (collateral kills)
  A minotaur (Gauntlet)
  A boulder beetle (Lair:2)
  An orange demon (Lair:2)
3 creatures vanquished.

Vanquished Creatures (others)
  A naga sharpshooter (Snake:4)
  A naga ritualist (Snake:4)
  47 fungi
  30 plants
  29 withered plants (Lair:6)
108 creatures vanquished.

Grand Total: 1125 creatures vanquished

Notes
Turn   | Place    | Note
-------+----------+-------------------------------------------
     0 | D:1      | Malachi the Demonspawn Berserker began the quest for the
                  | Orb.
     0 | D:1      | Reached XP level 1. HP: 18/18 MP: 1/1
    26 | D:1      | HP: 1/27 [goblin/+0 club (2)]
    87 | D:1      | Gained mutation: You regenerate a little health from kills.
                  | [demonic ancestry]
    87 | D:1      | Reached XP level 2. HP: 5/24 MP: 2/2
   444 | D:1      | Reached skill level 3 in Axes
   795 | D:1      | Found a faded altar of an unknown god.
   831 | D:2      | Noticed Terence
   843 | D:2      | Killed Terence
   844 | D:2      | Reached XP level 3. HP: 5/29 MP: 3/3
  1514 | D:2      | Reached XP level 4. HP: 26/37 MP: 4/4
  1608 | D:2      | Noticed Robin
  1617 | D:2      | Reached ** piety under Trog
  1628 | D:2      | Killed Robin
  1647 | D:2      | Reached skill level 1 in Stealth
  1930 | D:2      | Found Paxtal's Weapon Shop.
  1937 | D:2      | Noticed Sigmund
  1949 | D:2      | Killed Sigmund
  1950 | D:2      | Reached skill level 5 in Axes
  1950 | D:2      | Gained mutation: You regenerate magic rapidly. [demonic
                  | ancestry]
  1950 | D:2      | Reached XP level 5. HP: 43/43 MP: 5/5
  1950 | D:2      | Reached XP level 6. HP: 49/49 MP: 6/6
  2854 | D:3      | Found a radiant altar of Vehumet.
  3293 | D:4      | Reached *** piety under Trog
  3298 | D:4      | Gained mutation: You have a pair of small horns on your
                  | head. [demonic ancestry]
  3298 | D:4      | Reached XP level 7. HP: 55/55 MP: 7/7
  3407 | D:4      | Found an iron altar of Okawaru.
  3435 | D:4      | Reached skill level 6 in Axes
  3658 | D:4      | Reached skill level 5 in Fighting
  3927 | D:5      | Entered Level 5 of the Dungeon
  3942 | D:5      | Found a glowing drain.
  3951 | Sewer    | Entered a sewer
  5017 | D:5      | Gained mutation: You regenerate health from kills. [demonic
                  | ancestry]
  5017 | D:5      | Reached XP level 8. HP: 62/62 MP: 8/8
  5249 | D:5      | Reached skill level 7 in Axes
  5846 | D:6      | Found Yjeuts's General Store.
  5877 | D:6      | Gained mutation: You have sharp toenails. [potion of
                  | mutation]
  5987 | D:6      | Reached skill level 5 in Armour
  6413 | D:7      | Reached skill level 8 in Axes
  6479 | D:7      | Noticed a two-headed ogre
  6488 | D:7      | Killed a two-headed ogre
  6489 | D:7      | Gained mutation: You are partially covered in rugged brown
                  | scales. (AC +1, +3% HP) [demonic ancestry]
  6489 | D:7      | Reached XP level 9. HP: 70/71 MP: 9/9
  6630 | D:7      | Reached skill level 9 in Axes
  6642 | D:7      | Noticed a boulder beetle
  6669 | D:7      | Found a flagged portal.
  6673 | D:7      | Identified the +5 hand axe "Z" {flame, rF- rN+ rCorr Str+3}
  6677 | D:7      | Reached **** piety under Trog
  6689 | Bailey   | Entered a bailey
  6697 | Bailey   | Noticed an orc warlord
  6779 | Bailey   | Noticed an orc knight
  6792 | Bailey   | Killed an orc knight
  7135 | Bailey   | Found a runed translucent gate.
  7137 | Bailey   | Found a runed translucent gate.
  7139 | Bailey   | Found a runed translucent gate.
  7257 | Bailey   | Killed an orc warlord
  7258 | Bailey   | Reached skill level 10 in Axes
  7258 | Bailey   | Gained mutation: You have a pair of horns on your head.
                  | [demonic ancestry]
  7258 | Bailey   | Reached XP level 10. HP: 44/81 MP: 10/10
  7269 | Bailey   | Identified the ring "Gitimp" {rF+ rC++ EV+4}
  7284 | Bailey   | Acquired a manual of Armour
  7590 | D:7      | Found a blossoming altar of Fedhas.
  7833 | D:7      | Noticed a cyclops
  7840 | D:7      | Killed a cyclops
  7845 | D:7      | Killed a boulder beetle
  7846 | D:7      | Reached skill level 11 in Axes
  7999 | D:7      | Identified the +4 flail "Wuwaclic" {freeze, *Noise MP+9
                  | Stlth+}
  8384 | D:7      | Reached skill level 10 in Armour
  8597 | D:7      | Gained mutation: You are mostly covered in rugged brown
                  | scales. (AC +2, +5% HP) [demonic ancestry]
  8597 | D:7      | Reached XP level 11. HP: 77/90 MP: 11/11
  8778 | D:7      | Found a staircase to the Ecumenical Temple.
  8886 | D:7      | Found a broken altar of Ashenzari.
  9203 | D:8      | Noticed a two-headed ogre
  9210 | D:8      | Killed a two-headed ogre
  9251 | D:8      | Reached ***** piety under Trog
  9280 | D:8      | Reached skill level 12 in Axes
  9361 | D:8      | Found a staircase to the Lair.
  9588 | Lair:1   | Entered Level 1 of the Lair of Beasts
  9838 | Lair:1   | Noticed Nergalle
  9849 | Lair:1   | Killed Nergalle
  9964 | Lair:1   | Received a gift from Trog
 11008 | Lair:2   | Noticed Gastronok
 11020 | Lair:2   | Noticed a boulder beetle
 11030 | Lair:2   | Killed Gastronok
 11031 | Lair:2   | Gained mutation: You are completely covered in rugged brown
                  | scales. (AC +3, +7% HP) [demonic ancestry]
 11031 | Lair:2   | Reached XP level 12. HP: 66/102 MP: 12/12
 11033 | Lair:2   | Killed a boulder beetle
 11268 | Lair:2   | Noticed Fannar
 11287 | Lair:2   | Killed Fannar
 11288 | Lair:2   | Reached skill level 13 in Axes
 11457 | Lair:2   | Noticed a seven-headed hydra
 11463 | Lair:2   | Killed a four-headed hydra
 11509 | Lair:2   | Found a staircase to the Swamp.
 11534 | Lair:2   | Reached skill level 10 in Fighting
 11542 | Lair:2   | Noticed a boulder beetle
 11556 | Lair:2   | Killed a boulder beetle
 11570 | Lair:2   | Noticed Sonja
 11673 | Lair:2   | Killed Sonja
 11917 | Lair:2   | Noticed Amaemon
 11927 | Lair:2   | Killed Amaemon
 12479 | Lair:3   | Reached skill level 14 in Axes
 12494 | Lair:3   | Noticed a five-headed hydra
 12509 | Lair:3   | Killed a two-headed hydra
 12647 | Lair:3   | Reached XP level 13. HP: 109/111 MP: 13/13
 13159 | Lair:3   | Found the +8 whip "Snakebite" {venom, curare, rPois}
 13608 | Lair:4   | Received a gift from Trog
 13691 | Lair:4   | Found a staircase to the Snake Pit.
 14202 | Lair:4   | Acquired the ring of Kerexyl {rF+ rC+ Dex+6}
 14911 | Lair:5   | Identified the +2 scale mail of Maitem {rC+ Will+ rCorr
                  | Dex-4}
 15149 | Lair:5   | Reached skill level 15 in Axes
 15234 | Lair:5   | Found a staircase to the Slime Pits.
 15976 | Lair:6   | Entered Level 6 of the Lair of Beasts
 16286 | Lair:6   | Reached skill level 16 in Axes
 16456 | Lair:6   | Reached XP level 14. HP: 120/120 MP: 14/14
 16745 | Lair:6   | Reached skill level 17 in Axes
 16947 | Lair:6   | Received a gift from Trog
 18584 | Lair:6   | Identified the +6 scale mail of Geber {rCorr}
 18817 | Lair:6   | Reached skill level 18 in Axes
 18870 | Lair:6   | Acquired the +8 orange crystal plate armour {Archmagi,
                  | Int+3 Clar}
 18870 | Lair:6   | Found the +8 orange crystal plate armour {Archmagi, Int+3
                  | Clar}
 18884 | Lair:6   | Acquired the +1 pair of boots of Rohon {Rampage rF+ rC+
                  | rCorr}
 19311 | D:9      | Found a sparkling altar of Nemelex Xobeh.
 19682 | D:10     | Entered Level 10 of the Dungeon
 19693 | D:10     | Noticed Erolcha
 19699 | D:10     | Killed Erolcha
 19816 | D:10     | Identified the +3 dagger of Ashenzari's Envy {vorpal,
                  | Str+3}
 19875 | D:10     | Received a gift from Trog
 20165 | D:10     | Identified the +2 buckler "Tiq Qaf" {Str+3}
 20628 | D:11     | Found a bloodstained altar of Trog.
 20646 | D:11     | Acquired the +1 cloak of Starlight {*Dazzle EV+4 Stlth--}
 20646 | D:11     | Found the +1 cloak of Starlight {*Dazzle EV+4 Stlth--}
 20664 | D:11     | Acquired the +3 pair of gauntlets of War {Slay+5}
 20664 | D:11     | Found the +3 pair of gauntlets of War {Slay+5}
 20675 | D:11     | Acquired a manual of Armour
 20717 | D:11     | Paralysed by a hornet for 1 turns
 21067 | D:11     | Found a staircase to the Orcish Mines.
 21087 | D:11     | Reached skill level 19 in Axes
 21478 | Orc:1    | Entered Level 1 of the Orcish Mines
 21497 | Orc:1    | Received a gift from Trog
 21893 | Orc:2    | Entered Level 2 of the Orcish Mines
 21924 | Orc:2    | Found a staircase to the Elven Halls.
 21928 | Orc:2    | Found Otudif's Assorted Antiques.
 21992 | Orc:2    | Found Meinyis's Antique Armour Boutique.
 21999 | Orc:2    | Reached XP level 15. HP: 126/126 MP: 15/15
 22017 | Orc:2    | Found Oklouv's Antique Weapon Shop.
 22018 | Orc:2    | Noticed an orc warlord
 22228 | Orc:2    | Found Idybb's Jewellery Shoppe.
 22243 | Orc:2    | Received a gift from Trog
 22303 | Orc:2    | Bought the ring "Utto" {*Slow rElec rC- Will+++ AC+4} for
                  | 631 gold pieces
 22477 | Orc:2    | Found Vuppirher's General Store.
 22579 | Orc:2    | Killed an orc warlord
 22697 | Orc:2    | Bought an embroidered scarf for 232 gold pieces
 22930 | Orc:1    | You fall into a shaft and drop 1 floor!
 23219 | D:12     | Reached skill level 15 in Armour
 23255 | D:12     | Found a gate leading to a gauntlet.
 23261 | Gauntlet | Entered a Gauntlet
 23261 | Gauntlet | Found a transporter.
 23261 | Gauntlet | Found a transporter.
 23271 | Gauntlet | Found a transporter.
 23297 | Gauntlet | Found a transporter.
 23310 | Gauntlet | Found a transporter.
 23313 | Gauntlet | Found a transporter.
 23329 | Gauntlet | Found a transporter.
 23350 | Gauntlet | Found a transporter.
 23365 | Gauntlet | Found a transporter.
 23367 | Gauntlet | Found a transporter.
 23369 | Gauntlet | Found a runed translucent door.
 23371 | Gauntlet | Found a runed translucent door.
 23375 | Gauntlet | Found a transporter.
 23378 | Gauntlet | Found a transporter.
 23516 | Gauntlet | Identified the ring of Pragmatism {rN+ Will+ Dex+4 Slay+4}
 23545 | Gauntlet | Received a gift from Trog
 23935 | D:12     | Reached skill level 20 in Axes
 24384 | D:12     | Noticed Kirke
 24393 | D:12     | Killed Kirke
 25131 | D:13     | Found a gate to the Vaults.
 25497 | D:14     | Found Wilofyz Igid's Jewellery Boutique.
 25518 | D:14     | Bought an amulet of regeneration for 480 gold pieces
 25541 | D:14     | Found Fyfekos's Weapon Boutique.
 25707 | D:14     | Found Nolameff's General Store.
 25811 | D:14     | Noticed Rupert
 25826 | D:14     | Killed Rupert
 26051 | D:14     | Reached skill level 21 in Axes
 26097 | D:14     | Reached XP level 16. HP: 126/133 MP: 5/16
 26216 | D:14     | Found Mangog's Jewellery Shoppe.
 26509 | D:15     | Entered Level 15 of the Dungeon
 26517 | D:15     | Noticed Josephine
 26528 | D:15     | Killed Josephine
 26694 | D:15     | Found a staircase to the Depths.
 26891 | D:15     | Noticed Nessos
 26907 | D:15     | Killed Nessos
 27375 | Snake:1  | Entered Level 1 of the Snake Pit
 27402 | Snake:1  | Reached skill level 22 in Axes
 27646 | Snake:1  | Noticed Aizul
 27656 | Snake:1  | Killed Aizul
 28156 | D:13     | Identified the +2 buckler of Death Resistance {Contam rElec
                  | Dex+4}
 28862 | Snake:2  | Noticed Zgarb's ghost (adept DsNe)
 28862 | Snake:2  | Found a runed translucent door.
 29005 | D:9      | Lost mutation: You have sharp toenails. [potion of
                  | mutation]
 29005 | D:9      | Gained mutation: You have very sharp teeth. [potion of
                  | mutation]
 29005 | D:9      | Gained mutation: You are robust. (+10% HP) [potion of
                  | mutation]
 29548 | Snake:2  | Killed Zgarb's ghost
 30291 | Snake:3  | Noticed Asterion
 30299 | Snake:3  | Killed Asterion
 30471 | Snake:3  | Gained mutation: When hurt, damage is shared between your
                  | health and your magic reserves. [demonic ancestry]
 30471 | Snake:3  | Reached XP level 17. HP: 146/154 MP: 5/17
 30513 | Snake:3  | Reached skill level 23 in Axes
 30606 | Snake:3  | Found Indra's Dragon-Slaying Spoils.
 30751 | Snake:3  | Reached ****** piety under Trog
 30969 | Snake:3  | Received a gift from Trog
 31133 | Snake:3  | Identified the +8 long sword "No More Talking" {chaos,
                  | Will+ Int+3 Stlth+}
 31270 | Snake:4  | Entered Level 4 of the Snake Pit
 31573 | Snake:4  | Noticed Mlioglotl
 31581 | Snake:4  | Killed Mlioglotl
 31609 | Snake:4  | Received a gift from Trog
 31936 | Snake:4  | Reached skill level 24 in Axes
 31939 | Snake:4  | HP: 4/240 [salamander/+0 halberd (12)]
 31939 | Snake:4  | Slain by a salamander

Illustrated notes

Levels and vault maps discovered:
D:1:      lightli_arrival_flooded_house, layout_rooms,
          ebering_ecumenical_altar_mist
D:2:      layout_basic, serial_shops, shop_fountains, grunt_ministairs_13,
          minmay_quadrilaterals, uniq_sigmund, uniq_terence, uniq_robin
D:3:      layout_loops_ring, mainiacjoe_overflow_alcove_4
D:4:      layout_rooms, okawaru_metal_pillars_1_2, serial_park_tiny_1,
          hangedman_minor_gate_pass
D:5:      layout_loops_ring, cheibrodos_sewer_entry_sluice,
          hangedman_decor_peaks_small
D:6:      layout_cave_pools, kennysheep_windowed_goal
D:7:      minmay_the_grid_octo_tiled_octocenter [minmay_the_grid_octo_odd_swirl,
          minmay_the_grid_octo_clover, minmay_the_grid_octo_empty,
          minmay_the_grid_octo_checkerflower, minmay_the_grid_octo_prize_big_c,
          minmay_the_grid_square_5x5_gyroscope, minmay_the_grid_square_5x5_meh,
          minmay_the_grid_square_5x5_beaten_path,
          minmay_the_grid_square_5x5_checkered_statues], layout_basic,
          mainiacjoe_overflow_catwalk, lemuel_round_altar,
          minmay_temple_entry_sparse_star, enter_bailey_5
D:8:      layout_rooms, minmay_lair_entry_grove
D:9:      layout_roguey, nemelex_spade_bored_becter
D:10:     layout_basic, elyvilon_altar_5, uniq_erolcha
D:11:     layout_loops_corners, david_orc_5, eino_small_chamber_without_monster,
          bloody_trog
D:12:     layout_long_grid, gauntlet_entry_generic, uniq_kirke
D:13:     layout_gridville, david_vaults_4
D:14:     layout_cave_pods, serial_shops, nicolae_shop_stone, shop, shop, shop,
          infiniplex_staircase_spiral, uniq_rupert
D:15:     hangedman_depths_entry_civil_slaughter, layout_irregular_city,
          kennysheep_doodads, uniq_josephine, uniq_nessos
Lair:1:   layout_layer_cave, uniq_nergalle
Lair:2:   layout_chaotic_city, swamp_mist, infiniplex_staircase_pool,
          uniq_sonja, uniq_fannar, uniq_amaemon, uniq_gastronok
Lair:3:   minmay_guarded_unrand_snakebite, layout_gridlike,
          chequers_serial_rivers_small_b, cheibrodos_lair_caveside_slide,
          st_stairs_8, cheibrodos_lair_lostbears
Lair:4:   layout_roguey, minmay_snake_entry_guardpost_small, minivault_23
Lair:5:   layout_gridlike, dpeg_slime_entry_corner, roderic_batcave,
          lemuel_fruit_fields, lemuel_fruit_fields
Lair:6:   due_jungle_book, layout_concentric_octagons
Snake:1:  layout_misc_corridors, nrook_guardian_serpent_double,
          serial_bayou_shore_a, uniq_aizul
Snake:2:  layout_gridlike, hellmonk_ghost_happy_afterlife
Snake:3:  layout_misc_corridors, drop_trap, nicolae_shop_dragon_depot,
          st_stairs_6, grunt_ministairs_13,
          nicolae_snake_herptile_family_reunion, grunt_megastairs_5,
          uniq_asterion
Snake:4:  snake_pit_salamanders_mu, layout_rooms, uniq_mlioglotl
Orc:1:    layout_diamond_mine, basic_altar, mumra_transporter_accident
Orc:2:    grunt_orc_gardens, layout_caves, grunt_orc_garden, grunt_orc_garden,
          grunt_orc_garden, grunt_orc_garden, serial_shops, nicolae_shop_trees,
          mines2_david

Skill      XL: |  1  2  3  4  5  6  7  8  9 10 11 12 13 14 15 16 17 |
---------------+----------------------------------------------------+-----
Axes           | 3 5 6 8 10 11 12 14 16 19 21 22 24 | 24.0
Dodging        | 2 |  2.2
Stealth        | 1 |  1.1
Fighting       | 4 5 6 7 9 10 11 13 | 13.2
Armour         | 2 3 6 7 10 12 14 15 16 17 | 17.3

Action                   |  1- 3 |  4- 6 |  7- 9 | 10-12 | 13-15 | 16-18 || total
-------------------------+-------+-------+-------+-------+-------+-------++-------
Melee: Hand axe          |    92 |   161 |   420 |   512 |  1068 |       ||  2253
       Punch             |       |     5 |     2 |     9 |     9 |       ||    25
       Headbutt          |       |       |    69 |   110 |   384 |   179 ||   742
       Executioner's axe |       |       |       |       |   230 |   611 ||   841
       Bite              |       |       |       |       |       |    57 ||    57
Invok: Berserk           |     2 |     6 |    12 |    15 |    28 |     7 ||    70
       Trog's Hand       |       |       |     1 |     3 |     1 |       ||     5
       Brothers in Arms  |       |       |     1 |     1 |     2 |       ||     4
  Use: Scroll            |       |       |    22 |     4 |    12 |       ||    38
       Potion            |       |       |    11 |     1 |     2 |     1 ||    15
 Stab: Sleeping          |     1 |     2 |     1 |       |       |       ||     4
       Invisible         |       |       |     2 |       |    27 |    21 ||    50
Armor: Animal skin       |    18 |     7 |       |       |       |       ||    25
       Ring mail         |       |    64 |   131 |       |       |       ||   195
       Plate armour      |       |       |       |   279 |   231 |       ||   510
       Crystal plate arm |       |       |       |       |   409 |   343 ||   752
       Scale mail        |       |       |       |       |    29 |       ||    29
Dodge: Dodged            |    63 |    90 |   220 |   300 |   608 |   365 ||  1646

Table legend: (Time is in decaauts)
 A = Elapsed time spent in this place.
 B = Non-inter-level travel time spent in this place.
 C = Inter-level travel time spent in this place.
 D = Time resting spent in this place.
 E = Time spent auto-exploring this place.
 F = Levels seen in this place.
 G = Mean time per level.
                   A        B        C        D        E       F      G
               +--------+--------+--------+--------+--------+-----+--------+
         Total |  31919 |  29643 |   2276 |   6040 |  17203 |  30 | 1064.0 |
       Dungeon |  14341 |  13041 |   1300 |   1930 |   8413 |  15 |  956.1 |
          Lair |   9892 |   9309 |    583 |   2544 |   5156 |   6 | 1648.7 |
     Snake Pit |   3575 |   3384 |    191 |    655 |   1923 |   4 |  893.8 |
  Orcish Mines |   1609 |   1409 |    200 |    251 |    746 |   2 |  804.5 |
         Sewer |   1002 |   1002 |      0 |    400 |    397 |   1 | 1002.0 |
        Bailey |    874 |    874 |      0 |    259 |    262 |   1 |  874.0 |
      Gauntlet |    624 |    624 |      0 |      0 |    305 |   1 |  624.0 |
               +--------+--------+--------+--------+--------+-----+--------+

Top non-repeatable levels by time:
  Lair:6: 3071 daAuts
     D:7: 1742 daAuts
  Lair:1: 1556 daAuts
  Lair:2: 1465 daAuts
  Lair:5: 1455 daAuts
     D:1: 1279 daAuts
  Lair:3: 1185 daAuts
  Lair:4: 1157 daAuts
 Snake:1: 1151 daAuts
    D:11: 1141 daAuts
    D:13: 1129 daAuts
   Orc:2: 1106 daAuts
     D:2: 1040 daAuts
    D:14: 1038 daAuts
   Sewer: 1002 daAuts
